 Dungeon Crawl Stone Soup version 0.30-a0-568-g124715a40b (webtiles) character file.

Game seed: 9354826952335138245

6036 billz999 the Fighter (level 11, -6/92 HPs)
             Began as a Djinni Ice Elementalist on Dec 29, 2022.
             Was a Believer of Makhleb.
             Mangled by a yak (15 damage)
             ... on level 9 of the Dungeon.
             The game lasted 00:19:38 (8968 turns).

billz999 the Fighter (Djinni Ice Elementalist)      Turns: 8968, Time: 00:19:39

Health: -6/92      AC:  4    Str: 11    XL:     11   Next: 11%
Gold:   481        EV: 12    Int: 20    God:    Makhleb [**....] SH:  0 Dex: 15

rFire   + + .      SeeInvis .    A - +5 long sword "Newtbane" {flame, Fragile rN++ Str+4}
rCold   x . .      Faith    .    (no shield)
rNeg    + + .      Spirit   .    a - +0 robe
rPois   ∞          Reflect  .    o - +2 hat
rElec   .          Harm     .    (no cloak)
rCorr   .          Rampage  .    (no gloves)
Will    +....                    (boots unavailable)
Stlth   ++                       (no amulet)
HPRegen 0.35/turn                (no ring)
MPRegen 0.00/turn                (no ring)

@: flying
A: sickness immunity, fire resistance 2, cold vulnerability 1, float, innate
caster, HP casting, extra vitality 1
a: Renounce Religion, Minor Destruction


You were on level 9 of the Dungeon.
You worshipped Makhleb.
Makhleb was pleased with you.
You visited 2 branches of the dungeon, and saw 10 of its levels.

You collected 481 gold pieces.

Inventory:

Hand Weapons
 d - a +1 dagger
 j - a +0 spear
 n - a +0 sling of freezing
 y - a +2 trident of venom
 A - the +5 long sword "Newtbane" (weapon) {flame, Fragile rN++ Str+4}
   (You found it on level 8 of the Dungeon)

   It burns those it strikes, dealing additional fire damage.
   Big, fiery blades are also staple armaments of hydra-hunters.
   Str:       It affects your strength (+4).
   rN:        It greatly protects you from negative energy.
   Fragile:   It will be destroyed if unequipped.
Missiles
 e - 8 javelins
 q - 4 curare-tipped darts
Armour
 a - a +0 robe (worn)
 o - a +2 hat (worn)
Wands
 u - a wand of polymorph (3)
 v - a wand of flame (11)
 B - a wand of quicksilver (4)
Scrolls
 h - a scroll of immolation {unknown}
 i - a scroll of enchant armour
 l - a scroll of torment
 s - a scroll of noise
 w - a scroll of poison
 C - a scroll of vulnerability {unknown}
 D - a scroll of teleportation
 E - a scroll of silence {unknown}
 F - a scroll of identify
Potions
 b - 4 potions of magic
 f - a potion of cancellation {unknown}
 g - a potion of might
 k - 2 potions of degeneration
 m - a potion of mutation {unknown}
 p - a potion of attraction
 r - 2 potions of brilliance
 t - a potion of heal wounds {unknown}
 z - a potion of invisibility {unknown}


   Skills:
 - Level 13.3 Fighting
 + Level 6.5 Long Blades
 - Level 2.1 Dodging
 - Level 1.5 Stealth
 - Level 5.0 Spellcasting


You couldn't memorise any spells.
You knew the following spells:

 Your Spells              Type           Power      Damage    Failure   Level
a - Freeze                Ice            100%       1d10      1%          1
b - Frozen Ramparts       Ice            50%        1d8       4%          3
c - Ozocubu's Armour      Ice            25%        N/A       4%          3
d - Summon Ice Beast      Ice/Summ       25%        N/A       14%         4
e - Sandblast             Erth           50%        2d12      1%          1
f - Ensorcelled Hibernat  Hex/Ice        50%        N/A       2%          2
g - Call Imp              Summ           25%        N/A       2%          2
h - Lesser Beckoning      Tloc           50%        N/A       4%          3
i - Ice Form              Ice/Tmut       25%        N/A       14%         4
Your spell library was empty.

Dungeon Overview and Level Annotations

Branches:
Dungeon (9/15)             Temple (1/1) D:4
   Lair: D:8-11         Orc: D:9-12

Altars:
Ashenzari
Dithmenos
Elyvilon
Fedhas
Gozag
Makhleb
Nemelex Xobeh
Okawaru
Qazlal
Ru
Trog
Uskayaw
Wu Jian
Xom
Yredelemnul
The Shining One

Annotations:
D:4 3 runed translucent doors, DSscumlord's ghost, amateur DsCA


Innate Abilities, Weirdness & Mutations

You are immune to sickness and miasma.
You are immune to poison.
Your flesh is very heat resistant. (rF++)
You are vulnerable to cold. (rC-)
You float through the air rather than walking.
You learn spells naturally, not from books.
Your magical power is your life essence.
You have superior vitality. (+4 MHP)


Message History

Confirm with . or Enter, or press ? or * to list all spells.
Aiming: Sandblast (safe; 1% risk of failure)
Press: ? - help, Shift-Dir - straight line, f/p - yak
Aim: a yak (almost dead, 90% to hit)
The blast of sand hits the yak.
The yak is almost dead.
* * * LOW HITPOINT WARNING * * *
The yak gores you!
* * * LOW HITPOINT WARNING * * *
The yak misses you.
You feel better.
The frozen ramparts melt away.
The yak gores you!
* * * LOW HITPOINT WARNING * * *
The yak completely misses you.
Okay, then.
You feel better. The yak barely misses you. The yak closely misses you.
Casting: Sandblast (safe; 1% risk of failure)
Confirm with . or Enter, or press ? or * to list all spells.
Aiming: Sandblast (safe; 1% risk of failure)
Press: ? - help, Shift-Dir - straight line, f/p - yak
Aim: a yak (almost dead, 90% to hit)
The blast of sand hits the yak.
You kill the yak!
Makhleb accepts your kill.
You feel better.
* * * LOW HITPOINT WARNING * * *
The yak barely misses you. The yak gores you!
* * * LOW HITPOINT WARNING * * *
Casting: Sandblast (safe; 1% risk of failure)
Confirm with . or Enter, or press ? or * to list all spells.
Okay, then.
Aiming: Mindburst
Press: ? - help, Shift-Dir - straight line, f - yak
Aim: a yak (chance to affect: 64%)
The yak's mind is blasted!
The yak barely misses you.
Aiming: Mindburst
Press: ? - help, Shift-Dir - straight line, f/p - yak
Aim: a yak (moderately wounded, chance to affect: 64%)
The yak's mind is blasted!
The now-empty wand crumbles to dust.
The yak gores you!
You die...

............<..
...............
...............
...............
...............
...............
.......Y†......
.......@.......
###############


You could see a yak.

Vanquished Creatures
  Pikel (D:6)
  A hornet (D:8)
  9 yaks
  2 water moccasins (D:8)
  An orc warrior (D:7)
  2 ice beasts
  An ogre (D:5)
  2 sky beasts (D:7)
  2 centaurs
  A lemure (D:6)
  3 kobold brigands
  2 necrophages (D:5)
  3 scorpions
  A gnoll sergeant (D:6)
  4 bullfrogs
  3 wights
  2 howler monkeys (D:9)
  A quasit (D:7)
  4 hounds
  3 orc priests
  A gnoll bouda (D:8)
  2 iguanas
  5 orc wizards
  6 gnolls
  10 adders
  2 white imps
  3 ufetubi (D:7)
  4 worms
  5 dart slugs
  12 orcs
  4 bats
  5 endoplasms
  3 giant cockroaches
  4 goblins
  2 hobgoblins (D:1)
  16 kobolds
  3 quokkas
  A ball python (D:2)
  3 frilled lizards
  7 rats
146 creatures vanquished.

Vanquished Creatures (collateral kills)
  Eustachio (D:5)
  Menkaure (D:4)
  Edmund (D:5)
  A water moccasin (D:6)
  An ice beast (D:7)
  An ogre (D:5)
  A centaur (D:8)
  A phantom (D:5)
  2 bullfrogs
  A gnoll sergeant (D:8)
  A scorpion (D:7)
  2 wights (D:7)
  2 jellies
  2 hounds (D:5)
  2 orc wizards
  6 gnolls
  An adder (D:5)
  A white imp (D:7)
  3 ufetubi (D:7)
  3 orcs
34 creatures vanquished.

Vanquished Creatures (others)
  4 demonic plants (D:7)
4 creatures vanquished.

Grand Total: 184 creatures vanquished

Notes
Turn   | Place    | Note
-------+----------+-------------------------------------------
     0 | D:1      | billz999 the Djinni Ice Elementalist began the quest for
                  | the Orb.
     0 | D:1      | billz999 set off with the following spells memorised:
                  | Freeze, Frozen Ramparts, Ozocubu's Armour, Summon Ice
                  | Beast.
     0 | D:1      | Reached XP level 1. HP: 15/15 MP: 0/0
   140 | D:1      | Reached XP level 2. HP: 6/21 MP: 0/0
   455 | D:1      | Reached XP level 3. HP: 16/25 MP: 0/0
   455 | D:1      | Learned a level 1 spell: Sandblast
  1118 | D:2      | Reached XP level 4. HP: 31/31 MP: 0/0
  1922 | D:3      | Noticed a kobold brigand
  1945 | D:3      | Killed a kobold brigand
  1946 | D:3      | Reached skill level 5 in Spellcasting
  1946 | D:3      | Reached skill level 1 in Fighting
  1946 | D:3      | Reached XP level 5. HP: 23/37 MP: 0/0
  1946 | D:3      | Learned a level 2 spell: Ensorcelled Hibernation
  2006 | D:3      | Noticed a kobold brigand
  2014 | D:3      | Killed a kobold brigand
  2015 | D:3      | Reached skill level 2 in Fighting
  2015 | D:3      | Reached XP level 6. HP: 40/45 MP: 0/0
  2169 | D:4      | Reached skill level 3 in Fighting
  2346 | D:4      | Found a staircase to the Ecumenical Temple.
  2356 | Temple   | Entered the Ecumenical Temple
  2428 | Temple   | Became a worshipper of Makhleb the Destroyer
  2622 | D:4      | Noticed Menkaure
  2633 | D:4      | Killed Menkaure
  2634 | D:4      | Reached skill level 4 in Fighting
  2634 | D:4      | Reached XP level 7. HP: 48/53 MP: 0/0
  2634 | D:4      | Learned a level 2 spell: Call Imp
  2814 | D:4      | Found a runed translucent gate.
  2815 | D:4      | Found a runed translucent gate.
  2815 | D:4      | Identified the +3 hand axe "Grum" {freeze, rElec rN+}
  2816 | D:4      | Found a runed translucent gate.
  2816 | D:4      | Noticed DSscumlord's ghost (amateur DsCA)
  2995 | D:5      | Entered Level 5 of the Dungeon
  3021 | D:5      | Reached skill level 5 in Fighting
  3104 | D:5      | Reached skill level 6 in Fighting
  3108 | D:5      | Reached XP level 8. HP: 34/62 MP: 0/0
  3227 | D:5      | Noticed Edmund
  3239 | D:5      | Killed Edmund
  3240 | D:5      | Reached skill level 7 in Fighting
  3278 | D:5      | Reached skill level 8 in Fighting
  3553 | D:5      | Noticed Eustachio
  3583 | D:5      | Killed Eustachio
  3595 | D:5      | Reached skill level 9 in Fighting
  3821 | D:5      | Reached * piety under Makhleb
  4166 | D:6      | Reached XP level 9. HP: 70/72 MP: 0/0
  4166 | D:6      | Learned a level 3 spell: Lesser Beckoning
  4205 | D:6      | Noticed Pikel
  4218 | D:6      | Killed Pikel
  4219 | D:6      | Reached skill level 10 in Fighting
  4567 | D:6      | Found a broken altar of Ashenzari.
  4849 | D:6      | Reached skill level 11 in Fighting
  5507 | D:6      | Found a white marble altar of Elyvilon.
  6133 | D:7      | Reached skill level 12 in Fighting
  6133 | D:7      | Reached XP level 10. HP: 69/84 MP: 0/0
  6521 | D:7      | Reached ** piety under Makhleb
  6830 | D:7      | Reached skill level 13 in Fighting
  7346 | D:8      | HP: 1/86 [gnoll/+0 whip[a gnoll sergeant] (5)]
  7633 | D:8      | Identified the +5 long sword "Newtbane" {flame, Fragile
                  | rN++ Str+4}
  7740 | D:8      | Reached skill level 1 in Long Blades
  7876 | D:8      | HP: 2/86 [hornet (14)]
  8554 | D:8      | Reached skill level 5 in Long Blades
  8708 | D:8      | Reached XP level 11. HP: 32/92 MP: 0/0
  8708 | D:8      | Learned a level 4 spell: Ice Form
  8968 | D:9      | Mangled by a yak

Illustrated notes

Levels and vault maps discovered:
D:1:      roderic_dead_forest, layout_rooms, serial_bayou_pond_e
D:2:      layout_rooms
D:3:      cheibrodos_thug_alley, layout_basic
D:4:      layout_basic, minmay_temple_entry_poolview,
          biasface_ghost_orc_armoury, item_on_display_a, uniq_menkaure
D:5:      layout_cave_pools, uniq_edmund, uniq_eustachio
D:6:      layout_basic, elyvilon_altar_1, mainiacjoe_overflow_boulevard,
          minivault_26, roderic_three_in_a_row, kennysheep_generic_room_12,
          uniq_pikel
D:7:      layout_gridville, serial_demonic, serial_demonic_d, serial_demonic_b,
          serial_demonic_b, serial_demonic_f
D:8:      layout_loops_ring, minmay_fractal_squares_diagonal_5
D:9:      layout_big_octagon, mainiacjoe_overflow_swirl,
          amcnicky_mini_rare_corridor_liquid, hangedman_fish_farm, uniq_erica
Temple:   nicolae_temple_bog_church

Skill      XL: |  1  2  3  4  5  6  7  8  9 10 11 |
---------------+----------------------------------+-----
Spellcasting   | 4 5 |  5.0
Fighting       | 1 2 4 6 9 12 13 | 13.3
Long Blades    | 5 6 |  6.5
Dodging        | |  2.1
Stealth        | |  1.5

Action                   |  1- 3 |  4- 6 |  7- 9 | 10-12 || total
-------------------------+-------+-------+-------+-------++-------
Melee: Long sword        |       |       |       |    15 ||    15
       Unarmed           |       |       |       |     8 ||     8
 Fire: Sling             |       |       |     2 |     6 ||     8
 Cast: Freeze            |    35 |     6 |    35 |     6 ||    82
       Sandblast         |    12 |    37 |    74 |    66 ||   189
       Frozen Ramparts   |     1 |    11 |    16 |    20 ||    48
       Summon Ice Beast  |       |     2 |    17 |    16 ||    35
       Ozocubu's Armour  |       |     1 |       |       ||     1
       Call Imp          |       |       |     2 |     4 ||     6
       Ensorcelled Hiber |       |       |       |     1 ||     1
       Ice Form          |       |       |       |     1 ||     1
Evoke: Wand              |       |       |     1 |     3 ||     4
  Use: Scroll            |     2 |     1 |     8 |     2 ||    13
       Potion            |       |       |     3 |     5 ||     8
Armor: Robe              |     2 |       |     5 |     9 ||    16
       Skin              |       |       |       |     2 ||     2
Dodge: Dodged            |     9 |     3 |    40 |    62 ||   114

Table legend: (Time is in decaauts)
 A = Elapsed time spent in this place.
 B = Non-inter-level travel time spent in this place.
 C = Inter-level travel time spent in this place.
 D = Time resting spent in this place.
 E = Time spent auto-exploring this place.
 F = Levels seen in this place.
 G = Mean time per level.
                   A        B        C        D        E       F      G
               +--------+--------+--------+--------+--------+-----+--------+
         Total |   9066 |   8621 |    445 |   1156 |   6272 |  10 |  906.6 |
       Dungeon |   8901 |   8507 |    394 |   1156 |   6172 |   9 |  989.0 |
        Temple |    164 |    113 |     51 |      0 |    100 |   1 |  164.0 |
               +--------+--------+--------+--------+--------+-----+--------+

Top non-repeatable levels by time:
     D:8: 1711 daAuts
     D:6: 1571 daAuts
     D:7: 1559 daAuts
     D:5: 1163 daAuts
     D:1: 853 daAuts
     D:3: 819 daAuts
     D:4: 739 daAuts
     D:2: 446 daAuts
  Temple: 164 daAuts
     D:9: 38 daAuts
